 Dungeon Crawl Stone Soup version 0.19.0-19-g8c6edcc (webtiles) character file.

99 vev the Ducker (level 5, -5/35 HPs)
             Began as a Halfling Fire Elementalist on Nov 14, 2016.
             Slain by a mummy (9 damage)
             ... in an ossuary.
             The game lasted 00:08:53 (3411 turns).

vev the Ducker (Halfling Fire Elementalist)         Turns: 3411, Time: 00:08:53

Health: -5/35      AC:  6    Str: 10    XL:     5   Next: 2%
Magic:  7/7        EV: 14    Int: 13    God:
Gold:   177        SH:  0    Dex: 15    Spells: 0 memorised, 7 levels left

rFire  . . .     SeeInvis .     m - -1 short sword (curse)
rCold  . . .     Gourm    .     g - +1 ring mail
rNeg   . . .     Faith    .     (shield restricted)
rPois  .         Spirit   .     (no helmet)
rElec  .         Reflect  .     (no cloak)
rCorr  .         Harm     .     (no gloves)
MR     .....     Rnd*Tele +     (no boots)
Stlth  ..........               (no amulet)
                                u - ring of teleportation (curse)
                                k - ring of loudness (curse)

@: no status effects
A: talons 1, mutation resistance 1
a: no special abilities


You were in an ossuary.
You were hungry.

You visited 1 branch of the dungeon, and saw 4 of its levels.
You also visited: Ossuary.

You collected 177 gold pieces.

Inventory:

Hand Weapons
 d - a +1 short sword of venom
 h - a +1 short sword
 m - a cursed -1 short sword (weapon)
 s - a +0 hand axe
Armour
 a - a +0 robe
 g - a +1 ring mail (worn)
 y - a +0 scale mail
Jewellery
 f - an uncursed ring of poison resistance
 k - a cursed ring of loudness (left hand)
 l - an uncursed ring of stealth
 o - an uncursed ring of protection from fire
 u - a cursed ring of teleportation (right hand)
Scrolls
 j - 3 scrolls of amnesia
 n - 2 scrolls of identify
 p - a scroll of enchant armour
Potions
 v - a potion of flight
Books
 b - a book of Flames

   Spells                             Type                      Level
   a - Flame Tongue                   Conjuration/Fire             1
   b - Throw Flame                    Conjuration/Fire             2
   c - Conjure Flame                  Conjuration/Fire             3
   d - Inner Flame                    Hexes/Fire                   3
   e - Sticky Flame                   Conjuration/Fire             4
   f - Fireball                       Conjuration/Fire             5
Comestibles
 c - 3 bread rations
 i - 2 chunks of flesh
 r - a meat ration


   Skills:
 + Level 2.5 Fighting
 + Level 4.0 Dodging
 - Level 2.1 Stealth
 - Level 1.5 Spellcasting
   Level 0.7 Conjurations
   Level 3.0 Fire Magic


You had 7 spell levels left.
You didn't know any spells.

Dungeon Overview and Level Annotations

Branches:
Dungeon (4/15)
 Temple: D:4-7

Altars:

Annotations:
D:3 Sigmund


Innate Abilities, Weirdness & Mutations

You are small and have problems with some larger weapons.
You are somewhat resistant to further mutation.
You have sharp toenails.


Message History

You barely miss the mummy. You claw the mummy, but do no damage.
The mummy is moderately damaged.
The mummy hits you!
You are too injured to fight recklessly!
You are too injured to fight recklessly!
You are too injured to fight recklessly!
You hit the mummy.
The mummy is severely damaged.
The mummy hits you!
* * * LOW HITPOINT WARNING * * *
You closely miss the mummy. You claw the mummy, but do no damage.
The mummy is severely damaged.
You hit the mummy but do no damage.
The mummy is severely damaged.
The mummy completely misses you.
Okay, then.
You barely miss the mummy.
The mummy is severely damaged.
The mummy hits you!
You die...

#...# #...#
#...# #...#
#...# #...#
#...# ##''M##
##....@##
###.......####
W▓...∩.∩...▓W#
###.......####
##.....##
##...## ##▓##
#W ##


You could see a wraith and a mummy.

Vanquished Creatures
  An iguana (D:4)
  An adder (D:2)
  A dart slug (D:1)
  A leopard gecko (D:2)
  3 orcs (D:3)
  5 bats
  3 giant cockroaches
  7 goblins
  7 hobgoblins
  3 jackals (D:3)
  A quokka (D:2)
  3 ball pythons
  2 frilled lizards (D:1)
  A gnoll skeleton (Ossuary)
  6 kobolds
  2 kobold skeletons (Ossuary)
  6 orc skeletons (Ossuary)
  5 rats
58 creatures vanquished.

Notes
Turn   | Place    | Note
-------+----------+-------------------------------------------
     0 | D:1      | vev the Halfling Fire Elementalist began the quest for the Orb.
     0 | D:1      | Reached XP level 1. HP: 11/11 MP: 3/3
   417 | D:1      | Reached skill level 1 in Fighting
   417 | D:1      | Reached XP level 2. HP: 16/18 MP: 4/4
   850 | D:1      | Reached XP level 3. HP: 15/23 MP: 5/5
   864 | D:1      | Reached skill level 3 in Dodging
  1545 | D:2      | Reached skill level 2 in Fighting
  1666 | D:2      | Reached XP level 4. HP: 26/29 MP: 6/6
  1973 | D:2      | Gained mutation: You have sharp toenails. [potion of beneficial mutation]
  2948 | D:3      | Noticed Sigmund
  3032 | D:2      | You fall through a shaft!
  3233 | D:4      | Found a sand-covered staircase.
  3238 | Ossuary  | Entered an ossuary
  3238 | Ossuary  | Noticed a wraith
  3238 | Ossuary  | Noticed a wraith
  3238 | Ossuary  | Noticed a wraith
  3373 | Ossuary  | Reached skill level 4 in Dodging
  3385 | Ossuary  | Reached XP level 5. HP: 29/35 MP: 7/7
  3411 | Ossuary  | Slain by a mummy

Skill      XL: |  1  2  3  4 |
---------------+-------------+-----
Fighting       | 1 2 |  2.5
Dodging        | 3 4 |  4.0
Stealth        | |  2.1
Spellcasting   | |  1.5
Conjurations   | |  0.7
Fire Magic     | |  3.0

Action                   |  1- 3 |  4- 6 || total
-------------------------+-------+-------++-------
Melee: Club              |     6 |       ||     6
       Short sword       |   128 |   183 ||   311
       Kick              |       |    38 ||    38
 Cast: Flame Tongue      |     9 |       ||     9
  Use: Scroll            |     7 |     4 ||    11
       Potion            |       |     9 ||     9
 Stab: Sleeping          |     3 |       ||     3
  Eat: Chunk             |     3 |     5 ||     8
Armor: Ring mail         |    57 |    48 ||   105
       Skin              |       |    47 ||    47
Dodge: Dodged            |   125 |   118 ||   243
